 Dungeon Crawl Stone Soup version 0.23.2 (webtiles) character file.

Game seed: 16437580999748100535

11 Borgoz the Sneak (level 2, 0/24 HPs)
             Began as a Ghoul Assassin on Apr 5, 2019.
             Slain by a giant cockroach (2 damage)
             ... on level 1 of the Dungeon.
             The game lasted 00:00:51 (427 turns).

Borgoz the Sneak (Ghoul Assassin)                    Turns: 427, Time: 00:00:52

Health: 0/24       AC:  3    Str: 14    XL:     2   Next: 25%
Magic:  1/1        EV: 12    Int:  6    God:
Gold:   29         SH:  0    Dex: 10    Spells: 1/1 levels left

rFire    . . .     SeeInvis .   a - +2 dagger
rCold    + . .     Gourm    .   (no shield)
rNeg     + + +     Faith    .   c - +0 robe
rPois    ∞         Spirit   .   (no helmet)
rElec    .         Reflect  .   d - +0 cloak
rCorr    .         Harm     .   (no gloves)
MR       .....                  (no boots)
Stlth    ++........             (no amulet)
HPRegen  0.00/turn              (no ring)
MPRegen  0.07/turn              (no ring)

@: rotting
A: rotting body, claws 1, carnivore, cold resistance 1, negative energy
resistance 3, inhibited regeneration, torment resistance, unbreathing
a: no special abilities


You were on level 1 of the Dungeon.
You were not hungry.

You visited 1 branch of the dungeon, and saw 1 of its levels.

You collected 29 gold pieces.

Inventory:

Hand Weapons
 a - a +2 dagger (weapon)
 b - a +0 blowgun
Missiles
 e - 8 poisoned needles
 f - 2 curare-tipped needles
Armour
 c - a +0 robe (worn)
 d - a +0 cloak (worn)
Scrolls
 i - a scroll of enchant weapon {unknown}
Potions
 h - 2 potions of degeneration {unknown}
Comestibles
 g - a ration


   Skills:
 + Level 2.2 Fighting
 * Level 2.0 Short Blades
 - Level 1.7 Throwing
 * Level 0.4 Armour
 * Level 1.3 Dodging
 + Level 4.4 Stealth


You had one spell level left.
You didn't know any spells.
Your spell library was empty.

Dungeon Overview and Level Annotations

Branches:
Dungeon (1/15)

Altars:


Innate Abilities, Weirdness & Mutations

Your body is rotting away.
You thrive on raw meat.
You are immune to poison.
You have sharp fingernails.
You are carnivorous and can eat meat at any time.
Your flesh is cold resistant. (rC+)
You are immune to negative energy. (rN+++)
You do not regenerate when monsters are visible.
You are immune to unholy pain and torment.
You can survive without breathing.


Message History

The hobgoblin is almost dead.
The hobgoblin closely misses you.
You closely miss the hobgoblin.
The hobgoblin is almost dead.
The giant cockroach closely misses you. The giant cockroach closely misses you.
The giant cockroach barely misses you.
The giant cockroach bites you but does no damage.
You hit the hobgoblin.
You kill the hobgoblin!
You hit the giant cockroach.
The giant cockroach is heavily wounded.
The giant cockroach closely misses you.
You closely miss the giant cockroach.
The giant cockroach is heavily wounded.
The giant cockroach bites you but does no damage.
You closely miss the giant cockroach.
The giant cockroach is heavily wounded.
The giant cockroach bites you.
You die...

##......####.#.###..#
######......# #).# ##..##
#...........###..###..##
#................##..## #
#.....##.........#..## ##
#......#.######.##.## ##.
#.....##.# #.#..# ##..
###.####.# #.#.####... #..#
#@# ##..........
#####..####s###.####.####...
............r....# #..# ##..
.................# ##.## ##.
###.##..##.#.###.# #..## ##
#.##..##.#.###.# ##..## #
...............# ##..## #
.##.###.#.###.# ##..## .
#.###.#.###.# ##..#


You could see a giant cockroach and a rat.

Vanquished Creatures
  A leopard gecko (D:1)
  2 bats (D:1)
  2 goblins (D:1)
  2 hobgoblins (D:1)
  A ball python (D:1)
  A frilled lizard (D:1)
9 creatures vanquished.

Notes
Turn   | Place    | Note
-------+----------+-------------------------------------------
     0 | D:1      | Borgoz the Ghoul Assassin began the quest for the Orb.
     0 | D:1      | Reached XP level 1. HP: 17/17 MP: 0/0
    24 | D:1      | Reached skill level 1 in Dodging
   364 | D:1      | Reached XP level 2. HP: 14/22 MP: 1/1
   427 | D:1      | Slain by a giant cockroach

Skill      XL: |  1 |
---------------+----+-----
Dodging        | 1 |  1.3
Short Blades   | 2 |  2.0
Fighting       | |  2.2
Throwing       | |  1.7
Armour         | |  0.4
Stealth        | |  4.4

Action                   || total
-------------------------++-------
Melee: Dagger            ||    33
 Stab: Sleeping          ||     2
  Eat: Chunk             ||     4
Armor: Robe              ||     7
Dodge: Dodged            ||    13
